AoeStats
← JCarlos9910

Arena

509754409Analyzed
3v3 RM · 5d ago on Sep 27, 2026· 51m 34s· 6 players
Game mode
Random Map
Map size
Normal (6 player)
Population
200
Speed
Normal
Resources
Standard
Victory
Conquest
Starting age
Dark Age
Ending age
Imperial Age
RankedLock teamsTeams togetherTeam positionsShared explorationLock speedFull tech treeHidden civsTurbo modeCheats
Victory
Defeat
🇹🇷 Persians · Türkiye
715
+12
🇨🇱 Chinese · Chile
705
+12
🇨🇦 Turks · Canada
701
+13
🇲🇽 Hindustanis · Mexico
657
-14
🇲🇽 Khmer · Mexico
621
-12
🇺🇸 Persians · United States
604
-11
DatJitDamien
3:22 Loom
12:57 Feudal Age
15:46 Double-Bit Axe
17:14 Wheelbarrow
18:32 Town Watch
22:33 Gold Mining
22:37 Stone Mining
23:15 Horse Collar
26:13 Castle Age
26:03 Forging
25:59 Scale Barding Armor
25:55 Padded Archer Armor
25:45 Fletching
29:47 Bow Saw
29:41 Heavy Plow
30:24 Gold Shaft Mining
30:28 Stone Shaft Mining
34:54 Imperial Age
33:56 Kamandaran
33:19 Crossbowman
34:42 Hand Cart
35:33 Thumb Ring
36:10 Iron Casting
35:53 Leather Archer Armor
37:09 Crop Rotation
37:47 Two-Man Saw
39:18 Conscription
40:54 Elite War Elephant
41:31 Elite War Elephant
ELITEMARIO69
0:56 Loom
8:57 Loom
11:03 Feudal Age
16:24 Double-Bit Axe
16:22 Horse Collar
20:50 Castle Age
23:19 Man-at-Arms
26:56 Heavy Plow
33:00 Imperial Age
30:56 Bow Saw
32:28 Wheelbarrow
33:59 Caravan
35:13 Chemistry
34:37 Conscription
36:05 Shatagni
37:23 Hand Cart
38:02 Thumb Ring
38:01 Padded Archer Armor
37:52 Fletching
39:51 Gold Mining
41:38 Gold Shaft Mining
40:54 Town Watch
41:36 Grand Trunk Road
42:22 Leather Archer Armor
44:41 Ballistics
44:56 Ring Archer Armor
44:39 Elite Skirmisher
46:25 Bodkin Arrow
47:07 Ring Archer Armor
48:13 Bracer
JCarlos9910
0:40 Loom
13:05 Feudal Age
14:40 Wheelbarrow
14:52 Horse Collar
18:14 Double-Bit Axe
24:58 Castle Age
23:46 Stone Mining
27:21 Hand Cart
27:19 Heavy Plow
28:55 Stone Shaft Mining
28:12 Gold Mining
32:40 Bow Saw
38:39 Imperial Age
36:04 Pikeman
36:08 Light Cavalry
38:24 Town Watch
38:23 Crossbowman
38:24 Elite Skirmisher
43:33 Crop Rotation
RiskyEh
0:32 Loom
12:22 Feudal Age
13:53 Town Watch
22:23 Castle Age
20:49 Scale Mail Armor
21:30 Forging
23:29 Arson
25:25 Wheelbarrow
28:07 Padded Archer Armor
27:58 Fletching
30:07 Leather Archer Armor
30:09 Bodkin Arrow
32:09 Hand Cart
35:58 Imperial Age
36:03 Elite Janissary
37:05 Conscription
37:21 Ring Archer Armor
36:51 Bracer
38:22 Thumb Ring
38:23 Artillery
42:09 Ballistics
Legolas
3:49 Loom
12:32 Feudal Age
22:13 Castle Age
20:33 Double-Bit Axe
20:57 Horse Collar
21:51 Gold Mining
21:51 Stone Mining
21:57 Stone Mining
22:28 Forging
22:24 Scale Barding Armor
24:17 Gold Shaft Mining
24:21 Stone Shaft Mining
27:40 Wheelbarrow
27:32 Heavy Plow
27:53 Town Watch
28:29 Caravan
28:59 Coinage
30:31 Hand Cart
30:16 Town Patrol
31:34 Iron Casting
31:00 Padded Archer Armor
30:51 Fletching
33:07 Bow Saw
35:50 Imperial Age
34:06 Ballistics
34:41 Kamandaran
37:20 Crop Rotation
37:52 Two-Man Saw
38:51 Blast Furnace
38:12 Chain Barding Armor
38:08 Leather Archer Armor
37:48 Bodkin Arrow
38:00 Bodkin Arrow
38:05 Scale Mail Armor
39:16 Conscription
39:07 Citadels
40:28 Plate Barding Armor
40:24 Ring Archer Armor
41:11 Chemistry
40:54 Elite War Elephant
43:37 Chain Mail Armor
46:21 Husbandry
45:41 Cavalier
48:02 Banking
47:42 Guilds
48:13 Savar
49:05 Bloodlines
SEXO FUERTE
0:45 Loom
12:22 Feudal Age
12:59 Double-Bit Axe
15:42 Wheelbarrow
16:05 Horse Collar
22:08 Castle Age
21:18 Stone Mining
21:23 Gold Mining
24:07 Hand Cart
25:31 Bow Saw
25:24 Heavy Plow
26:30 Thumb Ring
27:49 Fletching
28:00 Padded Archer Armor
30:40 Gold Shaft Mining
30:43 Stone Shaft Mining
30:17 Pikeman
31:01 Squires
31:05 Bodkin Arrow
31:29 Leather Archer Armor
31:38 Ballistics
37:05 Imperial Age
37:11 Halberdier
39:06 Two-Man Saw
38:35 Conscription
39:38 Elite Chu Ko Nu
43:29 Capped Ram
48:30 Siege Ram
Connection lost

Rejoining the realm…

Still unreachable

The connection could not be restored.

Session expired

The server has moved on; the page needs a fresh start.